 Dungeon Crawl Stone Soup version 0.22.0-25-g7663229ff0 (webtiles) character file.

1196 Peloso the Slasher (level 8, -3/70 HPs)
             Began as a Minotaur Fighter on Aug 21, 2018.
             Killed by nerve-wracking pain
             ... invoked by an orc priest
              (10 damage)
             ... on level 5 of the Dungeon.
             The game lasted 00:11:31 (3677 turns).

Peloso the Slasher (Minotaur Fighter)               Turns: 3677, Time: 00:11:31

Health: -3/70      AC: 11    Str: 22    XL:     8   Next: 20%
Magic:  17/17      EV:  7    Int:  5    God:
Gold:   377        SH: 10    Dex: 11    Spells: 7/7 levels left

rFire    . . .     SeeInvis .   a - +0 long sword
rCold    . . .     Gourm    .   c - +0 shield
rNeg     . . .     Faith    .   b - +0 chain mail
rPois    +         Spirit   .   (helmet restricted)
rElec    .         Reflect  .   u - scarf {repulsion}
rCorr    .         Harm     .   (no gloves)
MR       .....                  t - +0 pair of boots (curse)
Stlth    ..........             s - amulet of magic regeneration
HPRegen  0.21/turn              h - ring of magical power
MPRegen  0.40/turn              z - ring of poison resistance

@: lethally poisoned (-3 -> -7), repel missiles
A: retaliatory headbutt, horns 2
a: no special abilities


You were on level 5 of the Dungeon.
You were not hungry.

You visited 1 branch of the dungeon, and saw 5 of its levels.
You also visited: Ossuary.

You collected 377 gold pieces.

Inventory:

Hand Weapons
 a - a +0 long sword (weapon)
Armour
 b - a +0 chain mail (worn)
 c - a +0 shield (worn)
 t - a cursed +0 pair of boots (worn)
 u - a scarf of repulsion (worn)
Jewellery
 h - a ring of magical power (left hand)
 s - an amulet of magic regeneration (around neck)
 z - a ring of poison resistance (right hand)
Wands
 v - a wand of flame (31)
Scrolls
 e - 4 scrolls of identify {unknown}
 g - a scroll of enchant armour {unknown}
 i - 5 scrolls of teleportation {unknown}
 k - 2 scrolls of remove curse {unknown}
 q - a scroll of noise {unknown}
 w - 2 scrolls of enchant weapon {unknown}
 y - a scroll of fear {unknown}
 A - 2 scrolls of magic mapping {unknown}
 C - a scroll of blinking {unknown}
 E - a scroll of random uselessness {unknown}
Potions
 j - 4 potions of lignification {unknown}
 l - 3 potions of curing
 m - 3 potions of resistance {unknown}
 n - 2 potions of heal wounds {unknown}
 o - 2 potions of brilliance {unknown}
 p - 2 potions of cancellation {unknown}
 r - 2 potions of agility {unknown}
 x - 3 potions of flight {unknown}
 B - a potion of degeneration {unknown}
 D - 2 potions of mutation {unknown}
Comestibles
 f - 6 rations


   Skills:
 + Level 5.9 Fighting
 + Level 7.2 Long Blades
 + Level 5.8 Armour
 + Level 2.5 Dodging
 + Level 6.7 Shields
 + Level 1.4 Evocations


You had 7 spell levels left.
You didn't know any spells.
Your spell library was empty.

Dungeon Overview and Level Annotations

Branches:
Dungeon (5/15)
 Temple: D:4-7

Altars:
Elyvilon
Fedhas

Annotations:
D:4 3 runed doors, speilhur's ghost, amateur GrGl


Innate Abilities, Weirdness & Mutations

You reflexively headbutt those who attack you in melee.
You have a pair of horns on your head.


Message History

You barely miss the orc wizard. You headbutt the orc wizard.
The orc wizard is moderately wounded.
The orc wizard hits you but does no damage.
You are poisoned.
You hit the orc wizard. Your headbutt misses the orc wizard.
The orc wizard is severely wounded.
You feel sick. The orc wizard casts a spell at you. The puff of frost hits you!
* * * LOW HITPOINT WARNING * * *
You closely miss the orc wizard. You headbutt the orc wizard.
You kill the orc wizard!
You feel sick.
The orc priest begins to cast a cantrip, but forgets the words!
You hit the orc priest.
The orc priest is moderately wounded.
You feel sick.
The orc priest calls down the wrath of Beogh upon you.
Pain shoots through your body!
You die...

#.# #.# #.# #.#
#####.# #.# #.#
#.# .##...#.#
##.####.####.#
..oo..'.#
#.............
#.###.......###..#
#.o.........# #..#
#o###......## #..#
#o# #......# #..#
#@# #......# #..#
#.# ##.###.# #..#
..# #.# #.# #..#
#### #.# #.# ..


You could see 2 orc priests and an orc.

Vanquished Creatures
  A sky beast (D:5)
  An ice beast (D:5)
  A black bear (D:3)
  An ogre (D:4)
  A centaur (D:5)
  2 elf skeletons (D:5)
  A scorpion (D:5)
  A howler monkey (D:4)
  A hound (D:5)
  2 human skeletons (D:5)
  An orc wizard (D:5)
  Ijyb (D:3)
  4 worker ants
  A hound skeleton (D:3)
  8 mummies (Ossuary)
  3 gnolls (D:4)
  6 adders
  4 oozes
  3 adder skeletons
  2 worms
  A dart slug (D:1)
  4 leopard geckos
  10 orcs
  4 giant cockroaches
  2 gnoll zombies (Ossuary)
  6 goblins
  6 hobgoblins
  4 jackals
  4 kobolds
  4 quokkas
  A ball python skeleton (D:5)
  15 bats
  6 frilled lizards
  2 kobold zombies (Ossuary)
  A leopard gecko skeleton (D:3)
  An orc skeleton (D:5)
  5 orc zombies
  9 rats
130 creatures vanquished.

Notes
Turn   | Place    | Note
-------+----------+-------------------------------------------
     0 | D:1      | Peloso the Minotaur Fighter began the quest for the Orb.
     0 | D:1      | Reached XP level 1. HP: 19/19 MP: 0/0
   119 | D:1      | Reached XP level 2. HP: 20/27 MP: 1/1
   434 | D:1      | Reached XP level 3. HP: 32/33 MP: 2/2
   797 | D:2      | Found a blossoming altar of Fedhas.
   861 | D:2      | Reached skill level 3 in Long Blades
  1113 | D:2      | Reached XP level 4. HP: 38/41 MP: 3/3
  1390 | D:2      | Found a faded altar of an unknown god.
  1544 | D:3      | Noticed a black bear
  1556 | D:3      | Killed a black bear
  1556 | D:3      | Reached skill level 4 in Long Blades
  1556 | D:3      | Reached skill level 1 in Dodging
  1556 | D:3      | Reached skill level 5 in Shields
  1556 | D:3      | Reached XP level 5. HP: 40/47 MP: 4/4
  1614 | D:3      | Noticed Ijyb
  1640 | D:3      | Killed Ijyb
  1935 | D:3      | Found a white marble altar of Elyvilon.
  2063 | D:3      | Reached XP level 6. HP: 53/53 MP: 5/5
  2248 | D:4      | Reached skill level 5 in Long Blades
  2443 | D:4      | Found a runed gate.
  2444 | D:4      | Found a runed gate.
  2444 | D:4      | Found a runed gate.
  2445 | D:4      | Noticed speilhur's ghost (amateur GrGl)
  2559 | D:4      | Reached skill level 5 in Armour
  2559 | D:4      | Reached XP level 7. HP: 60/60 MP: 6/6
  2690 | D:5      | Entered Level 5 of the Dungeon
  2727 | D:5      | Reached skill level 5 in Fighting
  2783 | D:5      | Found a sand-covered staircase.
  2791 | D:5      | Reached skill level 6 in Long Blades
  2794 | Ossuary  | Entered an ossuary
  2858 | Ossuary  | Reached skill level 1 in Evocations
  3294 | D:5      | Reached skill level 7 in Long Blades
  3294 | D:5      | Reached XP level 8. HP: 17/69 MP: 8/8
  3677 | D:5      | Killed from afar by an orc priest

Skill      XL: |  1  2  3  4  5  6  7 |
---------------+----------------------+-----
Fighting       | 4 5 |  5.9
Armour         | 4 5 |  5.8
Shields        | 4 5 6 |  6.7
Long Blades    | 3 4 5 7 |  7.2
Dodging        | 1 2 |  2.5
Evocations     | 1 |  1.4

Action                   |  1- 3 |  4- 6 |  7- 9 || total
-------------------------+-------+-------+-------++-------
Melee: Long sword        |    98 |   135 |   128 ||   361
       Headbutt          |    15 |    26 |    30 ||    71
Evoke: Wand              |       |     8 |     6 ||    14
  Use: Potion            |       |       |     1 ||     1
  Eat: Chunk             |       |     6 |       ||     6
       Ration            |       |       |     1 ||     1
Armor: Scale mail        |    57 |    53 |       ||   110
       Chain mail        |       |    27 |    47 ||    74
Dodge: Dodged            |    31 |    42 |    25 ||    98
       Deflected         |       |     2 |     4 ||     6
Block: Shield            |    68 |    77 |    50 ||   195
       Rpst.: Long sword |    11 |    13 |     9 ||    33
